 Dungeon Crawl Stone Soup version 0.29-a0-993-g4a18f31a58 (webtiles) character file.

Game seed: 4069360244560012990

58011 zeratav the Geomancer (level 14, -11/128 HPs)
             Began as an Octopode Venom Mage on Aug 3, 2022.
             Was an Initiate of Gozag.
             Mangled by a large abomination (17 damage)
             ... on level 5 of the Lair of Beasts.
             The game lasted 00:49:08 (22941 turns).

zeratav the Geomancer (Octopode Venom Mage)        Turns: 22941, Time: 00:49:09

Health: -11/128    AC: 30    Str:  7    XL:     14   Next: 88%
Magic:  18/21      EV: 19    Int: 29    God:    Gozag
Gold:   3611       SH:  3    Dex: 12    Spells: 5/23 levels left

rFire   + . .      SeeInvis +     - Unarmed
rCold   . . .      Faith    .   J - +0 buckler
rNeg    + . .      Spirit   .   (helmet restricted)
rPois   ∞          Reflect  .   x - amulet of magic regeneration
rElec   +          Harm     .   e - +4 ring of evasion
rCorr   +          Rampage  .   i - ring of Ehegu {Fly Int+6}
Will    +....                   t - ring of protection from fire
Stlth   ++++......              h - ring of resist corrosion
HPRegen 0.31/turn               T - ring of see invisible
MPRegen 0.57/turn               (no ring)
                                (no ring)
                                (no ring)

@: statue-form, gold aura, flying, very slow
A: slow and powerful, torment resistance 1, boosted hp, almost no armour,
amphibious, 8 rings, camouflage 1, (gelatinous body 1), (nimble swimmer 1),
tentacles
a: End Transformation, Renounce Religion, Potion Petition, Call Merchant, Bribe
Branch


You were on level 5 of the Lair of Beasts.
You worshipped Gozag.
Gozag was most pleased with you.
You were a living statue of rough stone.
You visited 3 branches of the dungeon, and saw 16 of its levels.
You also visited: Bailey and Volcano.

You collected 4206 gold pieces.
You spent 362 gold pieces at shops.
You paid 233 gold pieces to Gozag.


Innate Abilities, Weirdness & Mutations

You are a living statue of rough stone.
Your actions are slow, but your melee attacks are powerful.
You are resistant to unholy torment.
Your maximum health is greatly increased.
You are immune to poison.
You cannot wear most types of armour.
You are amphibious.
You can wear up to eight rings at the same time.
Your skin changes colour to match your surroundings (Stealth+).
((Your rubbery body absorbs attacks. (AC +1, EV +1)))
((You are camouflaged when in or above water. (Stealth+)))
You have tentacles for arms and can constrict up to eight enemies at once.


   Skills:
 + Level 10.0 Fighting
 + Level 10.0 Dodging
 - Level 5.0 Stealth
 - Level 3.0 Unarmed Combat
 - Level 5.0 Spellcasting
 - Level 13.0 Transmutations
 - Level 6.0 Ice Magic
 - Level 13.0 Earth Magic
 - Level 10.0 Poison Magic


You had 5 spell levels left.
You knew the following spells:

 Your Spells              Type           Power      Damage    Failure   Level
a - Sting                 Tmut/Pois      100%       1d8       1%          1
b - Poisonous Vapours     Pois/Air       72%        N/A       1%          2
c - Olgreb's Toxic Radia  Pois           60%        N/A       1%          4
d - Lee's Rapid Deconstr  Erth           35%        3d19*     1%          5
e - Statue Form           Tmut/Erth      46%        N/A       6%          6

Your spell library contained the following spells:

 Spells                   Type           Power      Damage    Failure   Level
 Passwall                 Tmut/Erth      58%        N/A       1%          2
 Ice Form                 Ice/Tmut       58%        N/A       1%          4
 Alistair's Intoxication  Tmut/Pois      43%        N/A       1%          5
 Blade Hands              Tmut           35%        N/A       1%          5
 Frozen Ramparts          Ice            84%        1d16      2%          3
 Ensorcelled Hibernation  Hex/Ice        48%        N/A       3%          2
 Leda's Liquefaction      Hex/Erth       22%        N/A       6%          4
 Mephitic Cloud           Conj/Pois/Air  26%        N/A       7%          3
 Summon Ice Beast         Ice/Summ       24%        N/A       24%         4
 Portal Projectile        Hex/Tloc       14%        N/A       26%         3
 Swiftness                Air            7%         N/A       26%         3
 Tukima's Dance           Hex            7%         N/A       26%         3
 Fireball                 Conj/Fire      3%         3d4       93%         5
 Iskenderun's Battlesphe  Conj           7%         2d6       93%         5
 Conjure Ball Lightning   Conj/Air       3%         3x3d6     100%        6
 Orb of Destruction       Conj           3%         9d5       100%        7

Inventory:

Hand Weapons
 H - a +4 dagger of freezing {short}
   (You took it off a wight on level 8 of the Dungeon)
 V - a +1 demon whip of venom {mace}
   (You took it off Amaemon on level 2 of the Lair of Beasts)
Armour
 o - a +0 kite shield
   (You found it on level 3 of the Dungeon)
 J - a +0 buckler (worn)
   (You took it off a gnoll sergeant on level 8 of the Dungeon)
Magical Staves
 R - a staff of earth {staff}
   (You found it on level 9 of the Dungeon)
Jewellery
 e - a +4 ring of evasion (left tentacle)
   (You took it off a kobold on level 1 of the Dungeon)
 h - a ring of resist corrosion (on tentacle)
   (You found it on level 7 of the Dungeon)
 i - the ring of Ehegu (right tentacle) {Fly Int+6}
   (You found it on level 2 of the Dungeon)

   [ring of intelligence]

   Int:       It affects your intelligence (+6).
   Fly:       It grants you flight.
 q - a ring of ice
   (You took it off Fannar on level 1 of the Lair of Beasts)
 t - a ring of protection from fire (on tentacle)
   (You found it on level 4 of the Dungeon)
 x - an amulet of magic regeneration (around mantle)
   (You found it on level 5 of the Dungeon)
 B - a ring of fire
   (You found it on level 6 of the Dungeon)
 T - a ring of see invisible (on tentacle)
   (You found it on level 2 of the Lair of Beasts)
Wands
 u - a wand of mindburst (18)
   (You found it on level 5 of the Dungeon)
 w - a wand of charming (19)
   (You found it on level 5 of the Dungeon)
 z - a wand of roots (12)
   (You found it on level 6 of the Dungeon)
 N - a wand of flame (23)
   (You found it on level 9 of the Dungeon)
Scrolls
 a - a scroll of poison {!r}
 b - 12 scrolls of enchant armour
 d - a scroll of brand weapon
 f - a scroll of silence {!r}
 g - 3 scrolls of amnesia
 j - 2 scrolls of vulnerability {!r!r}
 k - 6 scrolls of teleportation {@r4}
 m - 2 scrolls of fear
 n - a scroll of fog
 p - 3 scrolls of immolation {!r!r}
 s - 2 scrolls of identify {@r1}
 E - 7 scrolls of enchant weapon
 F - 2 scrolls of summoning
 G - a scroll of magic mapping {!r}
Potions
 c - 2 potions of heal wounds {@q2}
 l - 5 potions of curing {@q1}
 r - 3 potions of invisibility
 v - 6 potions of mutation {!q}
 A - a potion of cancellation
 C - 4 potions of haste {unknown}
 D - 5 potions of might {unknown}
 I - 2 potions of resistance
 K - a potion of attraction {unknown}
 L - a potion of degeneration {unknown}
 O - 2 potions of berserk rage {unknown}
 Q - 2 potions of lignification {unknown}
 S - a potion of flight {unknown}
Miscellaneous
 P - a phial of floods
   (You found it on level 10 of the Dungeon)

Dungeon Overview and Level Annotations

Branches:
Dungeon (10/15) Zot: 25509  Temple (1/1) D:7 Zot: 5864    Lair (5/5) D:9 Zot: 21639
 Shoals (0/4) Lair:3        Snake (0/4) Lair:3        Slime (0/5) Lair:5
    Orc (0/2) D:10         Bailey (visited)         Volcano (visited)

Altars:
Ashenzari
Cheibriados
Dithmenos
Elyvilon
Fedhas
Gozag
Hepliaklqana
Kikubaaqudgha
Makhleb
Nemelex Xobeh
Okawaru
Qazlal
Ru
Sif Muna
Trog
Uskayaw
Vehumet
Wu Jian
Xom
Yredelemnul
Zin
The Shining One
Jiyva

Shops:
D:8 *

Annotations:
D:4 2 transporters, exclusion: ice beast, BleedingAnus's ghost, amateur HOMo
D:5 exclusions: ice beast and phantom
D:6 Maggie
D:10 exclusion: 2 slime creatures
Lair:1 Nergalle; Urug

#..♣ ♣.♣ ♣♣.)♣ .#♣♣
..♣♣ ♣♣÷♣ .♣ ♣♣..♣♣♣♣.♣
.#♣♣ . ♣♣..♣♣..♣ ...♣♣
.. ♣... ♣.♣♣ ....♣ ♣.
♣♣.♣♣♣.♣♣ ...#♣♣ ♣.X♣♣
♣...♣...♣ .....♣♣♣....♣
♣..$....♣
......♣♣....$♣♣X8♣...♣♣
...#..♣ ♣.$$$♣♣♣..♣
P.....♣♣♣ ♣♣..♣♣ ♣..♣
...#....♣ ♣♣♣♣ ♣.♣♣
.......#♣♣♣♣ ♣♣♣ ♣.♣
........♣♣.♣##♣.♣ ♣♣♣
.PP...P♣##..#♣.♣♣♣
.PP#...##........♣♣♣♣
............#.......♣♣


You could see a large abomination.


Message History

The thrashing horror barely misses you.
The thrashing horror tramples you but does no damage.
The thrashing horror is distracted by your dazzling golden aura.
The thrashing horror roars!
You bludgeon the thrashing horror!
The thrashing horror is no longer distracted by gold.
You tentacle-slap the thrashing horror.
You squeeze the thrashing horror, but do no damage.
You block the thrashing horror's attack.
The thrashing horror barely misses you.
HP[+1]
You bludgeon the thrashing horror!
The thrashing horror closely misses you.
The thrashing horror misses you.
The thrashing horror tramples you but does no damage. x2
You bludgeon the thrashing horror!
You destroy the thrashing horror!
Your Fighting skill increases to level 10!
Your Dodging skill increases to level 10!
HP[+1]
You now have 128 max hp (+1).
No target in view!
You see here 17 gold pieces.
HP[+1]
A large abomination is nearby!
Unknown command.
The white ugly thing gurgles horribly!
You tentacle-slap the large abomination but do no damage.
You hear a roar! x2
The large abomination hits you!
HP[-10]
You take 10 damage, and now have 98/128 hp.
You barely miss the white ugly thing. You grab the white ugly thing.
Your transformation is almost over.
You constrict the white ugly thing.
The white ugly thing completely misses you.
The large abomination hits you but does no damage.
Casting: Olgreb's Toxic Radiance (mildly dangerous; 1% risk of failure)
Confirm with . or Enter, or press ? or * to list all spells.
You begin to radiate toxic energy.
The white ugly thing is poisoned.
The white ugly thing looks even sicker.
You constrict the white ugly thing, but do no damage.
The white ugly thing completely misses you.
The large abomination hits you!!
The white ugly thing gores you but does no damage.
HP[-17] MP[-3]
You take 17 damage, and now have 81/128 hp.
You lost 3 mp, and now have 18/21 mp.
R - a staff of earth (weapon)
{staff} The white ugly thing looks even sicker.
You constrict the white ugly thing, but do no damage.
The large abomination barely misses you.
The white ugly thing closely misses you.
Casting: Olgreb's Toxic Radiance (mildly dangerous; 1% risk of failure)
Confirm with . or Enter, or press ? or * to list all spells.
You feel a surge of power!
You extend your transformation's duration.
Your toxic aura wanes.
You constrict the white ugly thing. The large abomination hits you!
The white ugly thing completely misses you.
You are now empty-tentacled.
You constrict the white ugly thing.
The white ugly thing gores you but does no damage.
The large abomination hits you but does no damage.
HP[-11] MP[-5]
You take 11 damage, and now have 70/128 hp.
You lost 5 mp, and now have 13/21 mp.
You bludgeon the white ugly thing! You tentacle-slap the white ugly thing.
You constrict the white ugly thing.
The white ugly thing gores you but does no damage.
The large abomination hits you!
* * * LOW HITPOINT WARNING * * *
HP[-9] MP[+1]
You take 9 damage, and now have 61/128 hp.
You are too injured to fight recklessly!
You are too injured to fight recklessly!
You tentacle-slap the white ugly thing but do no damage.
You squeeze the white ugly thing, but do no damage.
You constrict the white ugly thing. The white ugly thing gores you.
* * * LOW HITPOINT WARNING * * *
The white ugly thing freezes you!!
* * * LOW HITPOINT WARNING * * *
You block the large abomination's attack.
The white ugly thing completely misses you.
HP[-25] MP[+1]
You take 25 damage, and now have 36/128 hp.
You bludgeon the white ugly thing! You tentacle-slap the white ugly thing.
You constrict the white ugly thing.
You kill the white ugly thing!
The large abomination barely misses you.
HP[+1] MP[+1]
You batter the large abomination!! The large abomination hits you!!
* * * LOW HITPOINT WARNING * * *
HP[-21] MP[+1]
You take 21 damage, and now have 16/128 hp.
You tentacle-slap the large abomination.
The large abomination hits you!
* * * LOW HITPOINT WARNING * * *
The large abomination hits you!
You die...
Your body crumbles into a pile of gold.

Skill      XL: |  1  2  3  4  5  6  7  8  9 10 11 12 13 14 |
---------------+-------------------------------------------+-----
Stealth        | 3 4 5 |  5.0
Poison Magic   | 4 6 7 8 10 | 10.0
Fighting       | 3 5 7 10 | 10.0
Dodging        | 4 5 7 10 | 10.0
Spellcasting   | 5 |  5.0
Ice Magic      | 6 |  6.0
Transmutations | 6 9 10 12 13 | 13.0
Earth Magic    | 9 10 12 13 | 13.0
Unarmed Combat | 3 |  3.0

Action                   |  1- 3 |  4- 6 |  7- 9 | 10-12 | 13-15 || total
-------------------------+-------+-------+-------+-------+-------++-------
Melee: Unarmed           |     7 |       |       |    60 |   446 ||   513
       Constrict         |    29 |    24 |    17 |    13 |    61 ||   144
       Whip              |    88 |       |    20 |    55 |     4 ||   167
       Punch             |     1 |     1 |       |     3 |    30 ||    35
       Tentacles         |    24 |    26 |    12 |    41 |   150 ||   253
       Dagger            |     4 |    94 |    34 |       |       ||   132
       Mace              |       |       |    24 |    53 |       ||    77
 Cast: Sting             |    25 |    24 |    21 |     5 |     9 ||    84
       Poisonous Vapours |       |    23 |    17 |     1 |       ||    41
       Olgreb's Toxic Ra |       |       |    44 |   116 |    74 ||   234
       Ice Form          |       |       |       |     5 |     5 ||    10
       Statue Form       |       |       |       |       |    40 ||    40
       Lee's Rapid Decon |       |       |       |       |    11 ||    11
Evoke: Wand              |       |       |     2 |     1 |       ||     3
  Use: Scroll            |       |     7 |     6 |     4 |     5 ||    22
       Potion            |       |     1 |       |     2 |     7 ||    10
 Stab: Sleeping          |     5 |    11 |     1 |     3 |     4 ||    24
       Distracted        |       |     1 |       |     2 |     4 ||     7
Armor: Skin              |    14 |    13 |     4 |    20 |   443 ||   494
Dodge: Dodged            |    91 |   100 |    92 |   172 |   896 ||  1351
Block: Buckler           |       |       |       |    18 |   120 ||   138

Levels and vault maps discovered:
D:1:      tarquinn_simple_flora_water_f, layout_loops_cross
D:2:      minmay_alternating_diamond, layout_rooms, minmay_fractal_squares_5
D:3:      layout_basic, grunt_temple_overflow_open
D:4:      layout_basic, lightli_temple_of_fire, gammafunk_ghost_stat_death,
          minmay_puff
D:5:      layout_basic, tgw_kikubaaqudgha
D:6:      layout_loops_ring, minitemple, uniq_pikel, uniq_maggie
D:7:      layout_cave_pods, minmay_temple_entry_junction_2
D:8:      layout_cave_pools, nicolae_overflow_hallway_of_the_gods,
          serial_gnoll_camp, gnoll_camp_mini_house, gnoll_camp_mini_shop,
          gnoll_camp_huts_basic, gnoll_camp_mini_house, enter_bailey_5,
          uniq_prince_ribbit1
D:9:      layout_gridville, lair_entry_dummy, serial_undead, serial_undead_e,
          serial_undead_c, serial_undead_c, serial_undead_a, uniq_grum
D:10:     layout_basic, xom_butterflies, david_orc_3,
          chequers_hall_statues_wall_a, hangedman_stone_soup
Temple:   nicolae_temple_bog_church
Lair:1:   layout_chaotic_city, grunt_megastairs_1, uniq_fannar, uniq_nergalle,
          uniq_urug
Lair:2:   layout_gridlike, nicolae_volcano_entry_batcave,
          eino_small_chamber_without_monster, uniq_amaemon
Lair:3:   layout_regular_city, minmay_shoals_entry_centaurs, dummy_snake_entry,
          small_statue_intersection, lemuel_fruit_fields, uniq_josephine
Lair:4:   layout_loops_ring, lemuel_fruit_tree, infiniplex_staircase_pool_2,
          grunt_megastairs_4, serial_bayou_shore_b
Lair:5:   hellmonk_lair_end_abyssal_woods, layout_gridlike,
          minmay_slime_entry_pillars, grunt_forest_stairs_basic,
          grunt_forest_large_clearings

Notes
Turn   | Place    | Note
-------+----------+-------------------------------------------
     0 | D:1      | zeratav the Octopode Venom Mage began the quest for the
                  | Orb.
     0 | D:1      | Reached XP level 1. HP: 11/11 MP: 3/3
     0 | D:1      | magus.rc [v1.9.6]
   211 | D:1      | Reached skill level 3 in Stealth
   236 | D:1      | Reached XP level 2. HP: 6/17 MP: 0/5
   535 | D:1      | Reached skill level 4 in Poison Magic
  1210 | D:1      | Reached XP level 3. HP: 13/21 MP: 6/6
  1215 | D:1      | Reached skill level 4 in Stealth
  1805 | D:2      | HP: 5/21 [worm (8)]
  2404 | D:2      | Reached XP level 4. HP: 26/27 MP: 7/7
  2536 | D:2      | Reached skill level 5 in Poison Magic
  2551 | D:2      | Reached skill level 5 in Stealth
  2983 | D:2      | Identified the ring of Ehegu {Fly Int+6}
  3199 | D:3      | Learned a level 2 spell: Poisonous Vapours
  3279 | D:3      | Found a sparkling altar of Nemelex Xobeh.
  3283 | D:3      | Found a shimmering blue altar of Sif Muna.
  3285 | D:3      | Found a stormy altar of Qazlal.
  3336 | D:3      | Noticed a black bear
  3363 | D:3      | Killed a black bear
  3364 | D:3      | Reached skill level 6 in Poison Magic
  3364 | D:3      | Reached XP level 5. HP: 19/31 MP: 1/8
  4360 | D:4      | Noticed an ogre
  4459 | D:4      | Reached skill level 7 in Poison Magic
  4459 | D:4      | Reached XP level 6. HP: 27/36 MP: 4/9
  4596 | D:4      | Found a transporter.
  4603 | D:4      | Found a transporter.
  4654 | D:4      | Reached skill level 8 in Poison Magic
  4735 | D:4      | Noticed BleedingAnus's ghost (amateur HOMo)
  4779 | D:4      | Noticed an ice beast
  5273 | D:4      | Found a burning altar of Makhleb.
  5497 | D:5      | Entered Level 5 of the Dungeon
  5535 | D:5      | Learned a level 4 spell: Olgreb's Toxic Radiance
  5572 | D:5      | Noticed an ice beast
  5635 | D:5      | Found an ancient bone altar of Kikubaaqudgha.
  5642 | D:5      | Noticed a human
  5644 | D:5      | Killed a human
  5791 | D:4      | Reached XP level 7. HP: 25/41 MP: 3/10
  6107 | D:5      | Reached skill level 9 in Poison Magic
  6578 | D:5      | Reached skill level 10 in Poison Magic
  6578 | D:5      | Reached skill level 1 in Fighting
  7147 | D:6      | Noticed Pikel
  7161 | D:6      | Killed Pikel
  7162 | D:6      | Reached skill level 3 in Fighting
  7162 | D:6      | Reached skill level 4 in Dodging
  7162 | D:6      | Reached XP level 8. HP: 45/54 MP: 8/11
  7182 | D:6      | Reached skill level 4 in Fighting
  7241 | D:6      | You pick up a book of Rime and begin reading...
  7241 | D:6      | You add the spells Frozen Ramparts, Ice Form and Summon Ice
                  | Beast to your library.
  7419 | D:6      | Reached skill level 5 in Dodging
  7586 | D:6      | Reached skill level 5 in Fighting
  7586 | D:6      | Reached XP level 9. HP: 56/61 MP: 8/12
  7635 | D:6      | Noticed Maggie
  7987 | D:6      | Found a hazy altar of Hepliaklqana.
  7987 | D:6      | Found a snail-covered altar of Cheibriados.
  7992 | D:6      | Found a broken altar of Ashenzari.
  8046 | D:6      | Identified the +0 pair of boots of the Thoughtful Deaths
                  | {rPois Str-4 Dex+3}
  8090 | D:7      | Reached skill level 6 in Dodging
  8402 | D:7      | Reached skill level 6 in Fighting
  8637 | D:7      | Found a staircase to the Ecumenical Temple.
  8644 | Temple   | Entered the Ecumenical Temple
  8926 | D:7      | Reached skill level 7 in Fighting
  8926 | D:7      | Reached skill level 7 in Dodging
  8989 | D:7      | Identified the +1 ring mail "Gyclah" {Str+5 Dex+5}
  9094 | D:7      | Reached skill level 3 in Spellcasting
  9338 | D:7      | Reached skill level 4 in Spellcasting
  9762 | D:8      | HP: 10/64 [wight/+0 trident (14)]
  9763 | D:8      | Reached skill level 5 in Spellcasting
  9763 | D:8      | Reached XP level 10. HP: 11/71 MP: 17/17
 10110 | D:8      | Found a flagged portal.
 10121 | Bailey   | Entered a bailey
 10167 | Bailey   | Reached skill level 1 in Ice Magic
 10209 | Bailey   | Reached skill level 2 in Transmutations
 10260 | Bailey   | Reached skill level 2 in Ice Magic
 10286 | Bailey   | Reached skill level 3 in Transmutations
 10297 | Bailey   | Noticed an orc knight
 10316 | Bailey   | Killed an orc knight
 10317 | Bailey   | Reached skill level 3 in Ice Magic
 10366 | Bailey   | Reached skill level 4 in Transmutations
 10424 | D:8      | Found an ornate altar of the Wu Jian Council.
 10432 | D:8      | Found a sacrificial altar of Ru.
 10436 | D:8      | Found a glowing golden altar of the Shining One.
 10436 | D:8      | Found an opulent altar of Gozag.
 10447 | D:8      | Found a radiant altar of Vehumet.
 10449 | D:8      | Became a worshipper of Gozag Ym Sagoz the Greedy
 10580 | D:8      | Got the Opusculum on Pestilence
 10597 | D:8      | Reached skill level 4 in Ice Magic
 10600 | D:8      | Found Mihafos's Assorted Antiques.
 10608 | D:8      | Bought a scroll of magic mapping for 217 gold pieces
 10608 | D:8      | Bought a potion of heal wounds for 145 gold pieces
 10942 | D:8      | Reached skill level 5 in Transmutations
 10943 | D:8      | Reached skill level 5 in Ice Magic
 11448 | D:8      | Noticed Prince Ribbit
 11456 | D:8      | Killed Prince Ribbit
 11457 | D:8      | Reached skill level 6 in Transmutations
 11463 | D:8      | You pick up a book of Burglary and begin reading...
 11463 | D:8      | You add the spells Passwall, Ensorcelled Hibernation and
                  | Swiftness to your library.
 11571 | D:8      | Identified a potion of experience
 11640 | D:9      | Reached skill level 6 in Ice Magic
 11675 | D:9      | Reached XP level 11. HP: 53/75 MP: 18/18
 11950 | D:9      | Reached skill level 7 in Transmutations
 12432 | D:9      | You pick up a book of Weapons and begin reading...
 12432 | D:9      | You add the spells Tukima's Dance, Portal Projectile and
                  | Blade Hands to your library.
 12466 | D:9      | HP: 16/75 [unseen horror zombie (8)]
 12468 | D:9      | HP: 6/75 [centaur zombie (5)]
 12802 | D:9      | Found a staircase to the Lair.
 12818 | D:9      | Reached skill level 8 in Transmutations
 13101 | D:9      | Noticed Grum
 13110 | D:9      | Killed Grum
 13275 | D:10     | Entered Level 10 of the Dungeon
 13288 | D:10     | Found a shimmering altar of Xom.
 13299 | D:10     | Found a staircase to the Orcish Mines.
 13426 | D:10     | You pick up a book of the Earth and begin reading...
 13426 | D:10     | You add the spells Leda's Liquefaction, Lee's Rapid
                  | Deconstruction and Statue Form to your library.
 13492 | D:10     | Noticed a deep elf pyromancer
 13501 | D:10     | Reached skill level 1 in Earth Magic
 13513 | D:10     | Killed a deep elf pyromancer
 13514 | D:10     | Reached skill level 9 in Transmutations
 13514 | D:10     | Reached skill level 2 in Earth Magic
 14061 | D:10     | Reached skill level 3 in Earth Magic
 14214 | D:10     | HP: 13/75 [slime creature (13)]
 14722 | Lair:1   | Entered Level 1 of the Lair of Beasts
 14729 | Lair:1   | Learned a level 4 spell: Ice Form
 14729 | Lair:1   | Noticed Urug
 14829 | Lair:1   | Noticed Nergalle
 14927 | Lair:1   | HP: 11/90 [cane toad (20)]
 15233 | Lair:1   | Reached skill level 9 in Earth Magic
 15233 | Lair:1   | Reached XP level 12. HP: 81/81 MP: 19/19
 15613 | Lair:1   | Reached skill level 10 in Transmutations
 15652 | Lair:1   | You pick up a book of the Spheres and begin reading...
 15652 | Lair:1   | You add the spells Iskenderun's Battlesphere, Fireball,
                  | Conjure Ball Lightning and Orb of Destruction to your
                  | library.
 15767 | Lair:1   | Reached skill level 10 in Earth Magic
 15769 | Lair:1   | HP: 23/97 [poisoned by a black mamba]
 15774 | Lair:1   | HP: 18/97 [poisoned by a black mamba]
 16077 | Lair:1   | Learned a level 6 spell: Statue Form
 16133 | Lair:1   | Noticed Fannar
 16157 | Lair:1   | Killed Fannar
 16428 | Lair:1   | Reached XP level 13. HP: 86/86 MP: 13/20
 17107 | Lair:2   | HP: 15/103 [black mamba (11)]
 17113 | Lair:2   | HP: 24/103 [poisoned by a black mamba]
 17118 | Lair:2   | HP: 19/103 [poisoned by a black mamba]
 17341 | Lair:2   | Reached skill level 11 in Earth Magic
 17378 | Lair:2   | Reached skill level 11 in Transmutations
 17396 | Lair:2   | Found a dark tunnel.
 17405 | Volcano  | Entered a volcano
 17524 | Volcano  | Learned a level 5 spell: Lee's Rapid Deconstruction
 17686 | Volcano  | Reached skill level 1 in Unarmed Combat
 17711 | Volcano  | Reached skill level 2 in Unarmed Combat
 17733 | Volcano  | Reached skill level 3 in Unarmed Combat
 18282 | Lair:2   | Noticed Amaemon
 18296 | Lair:2   | Killed Amaemon
 18430 | Lair:2   | Reached skill level 12 in Earth Magic
 18645 | Lair:2   | Reached skill level 12 in Transmutations
 19108 | Lair:3   | Noticed Josephine
 19117 | Lair:3   | Killed Josephine
 19154 | Lair:3   | HP: 22/111 [cane toad (16)]
 19164 | Lair:3   | HP: 21/111 [basilisk (8)]
 19415 | Lair:3   | Found a staircase to the Snake Pit.
 19879 | Lair:3   | Found a staircase to the Shoals.
 20011 | Lair:3   | You pick up a book of the Earth and begin reading...
 20233 | Lair:4   | Identified the +2 scale mail "Ezeekloth" {rCorr Str+3 SInv}
 20369 | Lair:4   | Reached XP level 14. HP: 92/92 MP: 17/21
 20881 | Lair:5   | Entered Level 5 of the Lair of Beasts
 20893 | Lair:5   | Reached skill level 13 in Earth Magic
 20895 | Lair:5   | Reached skill level 13 in Transmutations
 21272 | Lair:5   | Reached skill level 8 in Fighting
 21272 | Lair:5   | Reached skill level 8 in Dodging
 21752 | Lair:5   | Found a staircase to the Slime Pits.
 21753 | Lair:5   | Found a viscous altar of Jiyva.
 22102 | Lair:5   | Reached skill level 9 in Fighting
 22102 | Lair:5   | Reached skill level 9 in Dodging
 22929 | Lair:5   | Reached skill level 10 in Fighting
 22929 | Lair:5   | Reached skill level 10 in Dodging
 22940 | Lair:5   | HP: 16/128 [large abomination (21)]
 22941 | Lair:5   | HP: 6/128 [large abomination (11)]
 22941 | Lair:5   | Mangled by a large abomination

Vanquished Creatures
  Josephine (Lair:3)
  2 hydras (Lair:5)
  Fannar (Lair:1)
  A thrashing horror (Lair:5)
  Amaemon (Lair:2)
  2 skeletal warriors (Volcano)
  A lindwurm (Lair:5)
  Pikel (D:6)
  An orc knight (Bailey)
  3 anaconda skeletons (Volcano)
  A deep elf pyromancer (D:10)
  2 ugly things (Lair:5)
  9 black mambas
  A molten gargoyle (Lair:2)
  A torpor snail (Lair:5)
  5 gargoyles (Volcano)
  3 smoke demons (Lair:5)
  An orange demon (Lair:2)
  11 cane toads
  2 rime drakes
  6 komodo dragons
  2 unseen horror zombies (D:9)
  An ancient zyme (Lair:5)
  A merfolk (D:10)
  A troll (D:9)
  2 polar bears
  4 slime creatures
  17 blink frogs
  Prince Ribbit (D:8)
  2 flying skulls (Volcano)
  2 spriggans
  2 alligator skeletons (Volcano)
  5 wraiths (Lair:3)
  3 ynoxinuls (Lair:5)
  A shadow (D:9)
  4 wyverns
  7 fire bats (Lair:2)
  42 yaks
  6 basilisks
  A basilisk (shapeshifter) (Lair:5)
  Grum (D:9)
  A large abomination (Lair:5)
  2 chaos spawn (Lair:5)
  12 water moccasins
  11 orc warriors
  3 black bears
  A sky beast (D:7)
  8 small abominations (Lair:5)
  3 ogres
  7 centaurs
  47 wolves
  A phantom (D:7)
  A lemure (D:6)
  7 bullfrogs
  3 gnoll sergeants
  5 scorpions
  2 necrophages
  13 wights
  15 killer bees
  A howler monkey (D:6)
  2 spriggan skeletons (Volcano)
  3 troll skeletons (Volcano)
  8 hounds
  4 jellies
  2 centaur zombies (D:9)
  4 gnoll boudas (D:8)
  6 orc priests
  4 iguanas
  13 orc wizards
  14 hell rats
  A naga skeleton (Volcano)
  A howler monkey zombie (D:9)
  22 gnolls
  5 adders
  2 white imps
  3 worms (D:2)
  4 dart slugs
  47 orcs
  12 endoplasms
  3 giant cockroaches
  10 goblins
  8 hobgoblins
  9 jackals
  8 kobolds
  6 quokkas
  8 ball pythons
  13 bats
  3 frilled lizards
  5 rats
  2 butterflies (D:10)
536 creatures vanquished.

Vanquished Creatures (others)
  A human (D:5)
  An orc (D:10)
  20 fungi
  36 plants
58 creatures vanquished.

Grand Total: 594 creatures vanquished

Table legend:
 A = Non-vault XP
 B = Vault XP
 C = Vault XP percentage of total XP
 D = Non-vault monster count
 E = Vault monster count
 F = Vault count percentage of total count
                 A         B        C        D         E       F
            +---------+---------+-------+---------+---------+-------
      Total |   37202 |   33529 |  47.4 |     329 |     204 |  38.3
            +---------+---------+-------+---------+---------+-------
        D:1 |      52 |       0 |   0.0 |      28 |       0 |   0.0
        D:2 |      65 |      35 |  35.0 |      27 |      11 |  28.9
        D:3 |     155 |       0 |   0.0 |      14 |       0 |   0.0
        D:4 |     254 |     124 |  32.8 |      15 |       2 |  11.8
        D:5 |     473 |       0 |   0.0 |      16 |       0 |   0.0
        D:6 |     603 |     651 |  51.9 |      15 |       1 |   6.2
        D:7 |    2111 |       0 |   0.0 |      30 |       0 |   0.0
        D:8 |    1923 |     936 |  32.7 |      30 |      30 |  50.0
        D:9 |    1493 |    1413 |  48.6 |      21 |      10 |  32.3
       D:10 |    1371 |    1245 |  47.6 |      11 |       9 |  45.0
     Lair:1 |    3665 |    2106 |  36.5 |      18 |       7 |  28.0
     Lair:2 |    6411 |    1794 |  21.9 |      31 |       5 |  13.9
     Lair:3 |    3844 |    2352 |  38.0 |      17 |      10 |  37.0
     Lair:4 |     547 |     718 |  56.8 |       3 |       3 |  50.0
     Lair:5 |   14235 |   13736 |  49.1 |      53 |      72 |  57.6
     Bailey |       0 |    1598 | 100.0 |       0 |      24 | 100.0
    Volcano |       0 |    6821 | 100.0 |       0 |      20 | 100.0
            +---------+---------+-------+---------+---------+-------

Illustrated notes

Table legend:
 A = Kills in this place as a percentage of kills in entire the game.
 B = Kills by you in this place as a percentage of kills by you in the entire game.
 C = Kills by friends in this place as a percentage of kills by friends in the entire game.
 D = Other kills in this place as a percentage of other kills in the entire game.
 E = Experience gained in this place as a percentage of experience gained in the entire game.
 F = Experience gained in this place divided by the number of levels of this place that you have seen.
                   A       B       C       D       E      F
               +-------+-------+-------+-------+-------+----------------------
         Total | 100.0 | 100.0 |   N/A |   N/A | 100.0 | 3929.5
       Dungeon |  50.7 |  50.7 |   N/A |   N/A |  18.2 | 1290.4
          Lair |  41.1 |  41.1 |   N/A |   N/A |  69.9 | 9881.6
        Bailey |   4.5 |   4.5 |   N/A |   N/A |   2.3 | 1598.0
       Volcano |   3.8 |   3.8 |   N/A |   N/A |   9.6 | 6821.0
               +-------+-------+-------+-------+-------+----------------------

Table legend: (Time is in decaauts)
 A = Elapsed time spent in this place.
 B = Non-inter-level travel time spent in this place.
 C = Inter-level travel time spent in this place.
 D = Time resting spent in this place.
 E = Time spent auto-exploring this place.
 F = Levels seen in this place.
 G = Mean time per level.
                   A        B        C        D        E       F      G
               +--------+--------+--------+--------+--------+-----+--------+
         Total |  24132 |  23279 |    853 |   5874 |  12448 |  18 | 1340.7 |
       Dungeon |  14378 |  13710 |    668 |   3457 |   7868 |  10 | 1437.8 |
        Temple |    135 |    116 |     19 |      0 |    110 |   1 |  135.0 |
          Lair |   8359 |   8194 |    165 |   2019 |   4354 |   5 | 1671.8 |
        Bailey |    289 |    289 |      0 |     14 |    116 |   1 |  289.0 |
       Volcano |    968 |    968 |      0 |    384 |      0 |   1 |  968.0 |
               +--------+--------+--------+--------+--------+-----+--------+

Top non-repeatable levels by time:
  Lair:5: 2531 daAuts
  Lair:1: 2008 daAuts
     D:1: 1784 daAuts
     D:9: 1765 daAuts
     D:7: 1697 daAuts
  Lair:2: 1612 daAuts
     D:5: 1440 daAuts
     D:2: 1391 daAuts
     D:8: 1389 daAuts
    D:10: 1389 daAuts
  Lair:3: 1357 daAuts
     D:4: 1343 daAuts
     D:3: 1186 daAuts
     D:6: 990 daAuts
 Volcano: 968 daAuts
